 Dungeon Crawl Stone Soup version 0.29-a0-676-ga64570c9d2 (webtiles) character file.

Game seed: 8818080001978653354

3449 dolemite99 the Spear-Bearer (level 10, 0/80 HPs)
             Began as a Gnoll Chaos Knight on June 25, 2022.
             Was a Plaything of Xom.
             Slain by a two-headed ogre
             ... wielding a +0 giant club
              (21 damage)
             ... on level 8 of the Dungeon on June 27, 2022.
             The game lasted 00:15:05 (10128 turns).

dolemite99 the Spear-Bearer (Gnoll Chaos Knight)   Turns: 10128, Time: 00:15:06

Health: 0/80       AC: 14    Str: 13    XL:     10   Next: 6%
Magic:  17/17      EV:  8    Int: 12    God:    Xom [......]
Gold:   416        SH:  0    Dex: 14    Spells: 16/18 levels left

rFire   . . .      SeeInvis .   b - +1 demon whip (venom)
rCold   . . .      Faith    +   (no shield)
rNeg    . . .      Spirit   .   D - +0 chain mail "Wenool" {Slay+3}
rPois   +          Reflect  .   (no helmet)
rElec   .          Harm     .   (no cloak)
rCorr   .          Rampage  .   m - +1 pair of gloves
Will    .....                   E - +0 pair of boots
Stlth   +.........              F - amulet of faith
HPRegen 0.23/turn               A - ring of poison resistance
MPRegen 0.15/turn               J - ring of wizardry

@: no status effects
A: fangs 1, strong nose, distributed training, thin skeletal structure 1, weak 1
a: Renounce Religion


You were on level 8 of the Dungeon.
You worshipped Xom.
You were a very special plaything of Xom.
You visited 1 branch of the dungeon, and saw 8 of its levels.

You collected 416 gold pieces.

Inventory:

Hand Weapons
 a - a +4 shortbow of venom
 b - a +1 demon whip of venom (weapon)
 c - a +1 hand axe of electrocution
 n - a +0 trident
 v - a +0 hand crossbow
 x - a +1 halberd of protection
 H - a +0 shortbow
 I - a +0 spear
 K - a +0 spear of chaos
 L - a +2 dagger of venom
 N - a +3 halberd
Armour
 d - a +1 chain mail
 h - a +0 leather armour of cold resistance
 i - a scarf of harm
 m - a +1 pair of gloves (worn)
 D - the +0 chain mail "Wenool" (worn) {Slay+3}
   (You found it on level 6 of the Dungeon)

   Slay:      It affects your accuracy & damage with ranged weapons and melee
   (+3).
 E - a +0 pair of boots (worn)
 O - a +0 robe
Jewellery
 r - a ring of magical power
 A - a ring of poison resistance (left hand)
 F - an amulet of faith (around neck)
 J - a ring of wizardry (right hand)
Wands
 f - a wand of mindburst (3)
 w - a wand of flame (13)
 G - a wand of polymorph (14)
Scrolls
 g - a scroll of fog
 j - 2 scrolls of fear
 o - a scroll of brand weapon
 u - a scroll of teleportation
 M - a scroll of vulnerability
Potions
 e - 3 potions of flight
 k - 4 potions of curing
 l - 3 potions of resistance {unknown}
 p - 2 potions of attraction {unknown}
 q - a potion of magic {unknown}
 s - a potion of brilliance {unknown}
 t - 2 potions of haste
 z - a potion of lignification {unknown}
 B - a potion of might {unknown}
Miscellaneous
 C - a piece from Xom's chessboard (15/15)


   Skills:
 + Level 8.2 Fighting
 + Level 4.9 Short Blades
 + Level 4.9 Long Blades
 + Level 4.9 Axes
 + Level 4.9 Maces & Flails
 + Level 8.2 Polearms
 + Level 4.9 Staves
 + Level 4.9 Slings
 + Level 4.9 Bows
 + Level 4.9 Crossbows
 + Level 4.9 Throwing
 + Level 6.7 Armour
 + Level 5.6 Dodging
 + Level 4.9 Stealth
 + Level 4.9 Shields
 + Level 4.9 Unarmed Combat
 + Level 4.9 Spellcasting
 + Level 4.0 Conjurations
 + Level 4.0 Hexes
 + Level 4.0 Summonings
 + Level 4.0 Necromancy
 + Level 4.0 Translocations
 + Level 4.0 Transmutations
 + Level 4.0 Fire Magic
 + Level 4.0 Ice Magic
 + Level 4.0 Air Magic
 + Level 4.0 Earth Magic
 + Level 4.0 Poison Magic
 + Level 5.3 Invocations
 + Level 4.9 Evocations


You had 16 spell levels left.
You knew the following spells:

 Your Spells              Type           Power      Damage    Failure   Level
a - Blink                 Tloc           24%        N/A       43%         2

Your spell library contained the following spells:

 Spells                   Type           Power      Damage    Failure   Level
 Sting                    Tmut/Pois      48%        1d5       32%         1
 Poisonous Vapours        Pois/Air       24%        N/A       43%         2
 Lesser Beckoning         Tloc           12%        N/A       65%         3
 Olgreb's Toxic Radiance  Pois           12%        N/A       96%         4
 Manifold Assault         Tloc           12%        N/A       100%        5


Dungeon Overview and Level Annotations

Branches:
Dungeon (8/15)             Temple (0/1) D:7
   Lair: D:8-11

Altars:
Elyvilon
Nemelex Xobeh
Uskayaw
Xom

Shops:
D:6 *


Innate Abilities, Weirdness & Mutations

You have very sharp teeth.
Your uncanny sense of smell can sniff out nearby items.
Your experience applies equally to all skills.
You have a somewhat thin skeletal structure. (Dex +2, Stealth+)
You are weak. (Str -2)


Message History

A two-headed ogre comes into view. It is wielding two +0 giant clubs.
Your +4 shortbow of venom stops dripping with poison.
Your +1 demon whip of venom begins to drip with poison!
b - a +1 demon whip of venom (weapon)
The bullfrog hits you but does no damage.
The bullfrog hits you but does no damage.
You whack the bullfrog!
The bullfrog is poisoned.
The bullfrog is moderately wounded.
The bullfrog hits you but does no damage.
You whack the two-headed ogre!
The two-headed ogre is lightly wounded.
Xom grants you insight.
You detect creatures!
You are now a very special plaything of Xom.
You closely miss the two-headed ogre.
The two-headed ogre is lightly wounded.
The two-headed ogre hits you with a +0 giant club!
The two-headed ogre hits you but does no damage.
You whack the two-headed ogre!
The two-headed ogre looks as sick as possible!
Your bite misses the two-headed ogre.
The two-headed ogre is moderately wounded.
You whack the two-headed ogre!
The two-headed ogre looks as sick as possible!
The two-headed ogre is heavily wounded.
The two-headed ogre barely misses you.
The two-headed ogre hits you with a +0 giant club.
You whack the two-headed ogre!
The two-headed ogre looks as sick as possible!
The two-headed ogre is severely wounded.
Xom makes a sudden noise!
You hear a strangely pleasant explosion.
You hit the two-headed ogre.
The two-headed ogre looks as sick as possible!
The two-headed ogre is severely wounded.
The two-headed ogre hits you with a +0 giant club!! x2
* * * LOW HITPOINT WARNING * * *
The two-headed ogre attacks as you move away!
The two-headed ogre hits you with a +0 giant club!!
You die...
Xom howls with laughter!

#... #..# #..# #### #..#
#...
#########.#..###...##
#........)#..##..#..###.#
#.#########.....###.....#
#.# #@##..#..# #.#
#O###...####.# #.#
#...F.#......#
#.##############...######
#...........# ##.##
###########.# #.#
##########.#####.#
#................#
#.########.#######


You could see a two-headed ogre (extremely poisoned).

Vanquished Creatures
  Amaemon (D:8)
  An orange demon (D:8)
  Maggie (D:6)
  2 water moccasins (D:7)
  A sky beast (D:8)
  2 ice beasts
  2 ogres
  3 phantoms
  2 centaurs (D:6)
  A kobold brigand (D:3)
  A necrophage (D:4)
  2 scorpions
  4 wights (D:7)
  5 iguanas
  4 jellies
  3 orc wizards
  Natasha (twice) (D:2)
  4 adders
  8 gnolls
  A white imp (D:5)
  3 ufetubi
  3 worms
  2 dart slugs (D:1)
  15 orcs
  5 bats
  8 endoplasms
  2 giant cockroaches
  3 goblins
  6 hobgoblins
  5 jackals
  7 quokkas
  11 ball pythons
  2 frilled lizards
  11 kobolds
  9 rats
142 creatures vanquished.

Vanquished Creatures (collateral kills)
  A fire bat (D:7)
  A wight (D:7)
  A gnoll shaman (D:5)
  An orc priest (D:7)
  4 gnolls (D:5)
  An adder (D:5)
9 creatures vanquished.

Grand Total: 151 creatures vanquished

Notes
Turn   | Place    | Note
-------+----------+-------------------------------------------
     0 | D:1      | dolemite99 the Gnoll Chaos Knight began the quest for the
                  | Orb.
     0 | D:1      | Reached XP level 1. HP: 23/23 MP: 1/1
    23 | D:1      | XOM: potion effect (heal wounds)
    77 | D:1      | Reached XP level 2. HP: 27/29 MP: 2/2
   147 | D:1      | XOM: divination: detect creatures
   409 | D:1      | XOM: god gift: Young Poisoner's Handbook
   597 | D:1      | XOM: 6-stop teleportation journey
   652 | D:1      | XOM: divination: detect items
   777 | D:1      | Reached XP level 3. HP: 35/35 MP: 3/3
   794 | D:1      | Found a faded altar of an unknown god.
   952 | D:1      | Reached skill level 1 in Invocations
  1039 | D:2      | Reached skill level 1 in Short Blades
  1039 | D:2      | Reached skill level 1 in Long Blades
  1039 | D:2      | Reached skill level 1 in Axes
  1039 | D:2      | Reached skill level 1 in Maces & Flails
  1039 | D:2      | Reached skill level 1 in Staves
  1039 | D:2      | Reached skill level 1 in Slings
  1039 | D:2      | Reached skill level 1 in Bows
  1039 | D:2      | Reached skill level 1 in Crossbows
  1039 | D:2      | Reached skill level 1 in Throwing
  1039 | D:2      | Reached skill level 1 in Stealth
  1039 | D:2      | Reached skill level 1 in Shields
  1039 | D:2      | Reached skill level 1 in Unarmed Combat
  1039 | D:2      | Reached skill level 1 in Spellcasting
  1039 | D:2      | Reached skill level 1 in Evocations
  1099 | D:2      | Reached XP level 4. HP: 37/41 MP: 5/5
  1129 | D:2      | Noticed Natasha
  1143 | D:2      | Killed Natasha
  1144 | D:2      | Reached skill level 1 in Conjurations
  1144 | D:2      | Reached skill level 1 in Hexes
  1144 | D:2      | Reached skill level 1 in Summonings
  1144 | D:2      | Reached skill level 1 in Necromancy
  1144 | D:2      | Reached skill level 1 in Translocations
  1144 | D:2      | Reached skill level 1 in Transmutations
  1144 | D:2      | Reached skill level 1 in Fire Magic
  1144 | D:2      | Reached skill level 1 in Ice Magic
  1144 | D:2      | Reached skill level 1 in Air Magic
  1144 | D:2      | Reached skill level 1 in Earth Magic
  1144 | D:2      | Reached skill level 1 in Poison Magic
  1224 | D:2      | XOM: god gift: leather armour {god gift}
  1407 | D:2      | Noticed Natasha
  1421 | D:2      | Killed Natasha
  1484 | D:2      | Reached XP level 5. HP: 37/47 MP: 5/7
  1578 | D:2      | XOM: silly message
  1661 | D:2      | XOM: give mutation
  1661 | D:2      | Gained mutation: You have a somewhat thin skeletal
                  | structure. (Dex +2, Stealth+) [Xom's grace]
  1756 | D:2      | XOM: smoke on damage
  1866 | D:2      | XOM: god gift: battleaxe {god gift}
  1974 | D:2      | Noticed Natasha
  1977 | D:2      | Noticed Natasha
  1977 | D:2      | Natasha changed into Natasha the iguana
  1977 | D:2      | XOM: polymorph Natasha -> Natasha the iguana
  1989 | D:2      | Killed Natasha the iguana
  2410 | D:3      | Noticed a kobold brigand
  2434 | D:3      | Killed a kobold brigand
  2435 | D:3      | Reached XP level 6. HP: 33/53 MP: 8/8
  2460 | D:3      | XOM: enchant monster (bad)
  2675 | D:3      | Found a shimmering altar of Xom.
  3040 | D:3      | Reached skill level 5 in Armour
  3968 | D:4      | XOM: god gift: 10 gold pieces
  4032 | D:4      | XOM: noise
  4099 | D:5      | Entered Level 5 of the Dungeon
  4257 | D:5      | Noticed an ice beast
  4257 | D:5      | XOM: divination: detect creatures
  4272 | D:5      | Killed an ice beast
  4273 | D:5      | Reached XP level 7. HP: 38/60 MP: 10/10
  4439 | D:5      | Noticed a +0 falchion
  4440 | D:5      | Noticed a +0 dagger
  4440 | D:5      | Noticed a +0 short sword
  4440 | D:5      | Noticed a +0 dagger
  4440 | D:5      | Noticed a +0 spear
  4442 | D:5      | Noticed a +0 falchion
  4442 | D:5      | Noticed a +0 short sword
  4443 | D:5      | Noticed a +0 spear
  4650 | D:5      | XOM is BORED!
  4650 | D:5      | XOM: give mutations
  4650 | D:5      | Gained mutation: You are weak. (Str -2) [Xom's mischief]
  4650 | D:5      | Gained mutation: You sometimes lose the ability to read
                  | scrolls when taking damage. [Xom's mischief]
  4650 | D:5      | Lost mutation: You sometimes lose the ability to read
                  | scrolls when taking damage. [Xom's mischief]
  4771 | D:5      | XOM: cloud trail
  5000 | D:5      | Found a hide-covered altar of Uskayaw.
  5024 | D:5      | XOM: polymorph gnoll -> hobgoblin
  5034 | D:5      | XOM: potion effect (might)
  5054 | D:5      | XOM: god gift: wand of acid (5)
  5155 | D:5      | XOM: god gift: scroll of fear
  5351 | D:5      | XOM: potion effect (haste)
  5360 | D:5      | Reached XP level 8. HP: 66/67 MP: 12/12
  5520 | D:6      | XOM: noise
  5524 | D:6      | XOM: cast spell 'Dispersal'
  5571 | D:6      | Noticed Maggie
  5577 | D:6      | Killed Maggie
  5605 | D:6      | XOM: 1-stop teleportation journey
  5610 | D:6      | XOM: confuse monster(s)
  5865 | D:6      | XOM: chaos upgrade
  5866 | D:6      | XOM: potion effect (curing)
  6174 | D:6      | XOM: cleaving
  6176 | D:6      | XOM: noise
  6404 | D:5      | XOM: god gift: staff of poison
  6475 | D:6      | Found Saha's Lightly-Used Armoury.
  6494 | D:6      | XOM: chaos cloud
  6495 | D:6      | Paralysed by you for 2 turns
  6564 | D:6      | Identified the +0 chain mail "Wenool" {Slay+3}
  7332 | D:6      | XOM: god gift: blackened bronze wand {god gift}
  7394 | D:6      | XOM: god gift: scroll labelled WORGHI CAULEEFAHUO {god
                  | gift}
  7573 | D:7      | XOM: cloud trail
  7589 | D:7      | XOM: scenery: create altars
  7597 | D:7      | XOM: swap monsters
  7599 | D:7      | XOM: polymorph orc warrior -> fire bat
  7973 | D:6      | XOM: noise
  7975 | D:7      | XOM: potion effect (might)
  7976 | D:7      | XOM: enchant monster (good)
  7979 | D:7      | Reached XP level 9. HP: 73/73 MP: 14/14
  8138 | D:7      | Learned a level 2 spell: Blink
  8275 | D:7      | XOM: confusion (+ monsters)
  8293 | D:7      | Reached skill level 5 in Dodging
  8690 | D:7      | XOM: confuse monster(s)
  8771 | D:7      | Found a staircase to the Ecumenical Temple.
  9046 | D:7      | Found a sparkling altar of Nemelex Xobeh.
  9220 | D:7      | XOM: god gift: 23 gold pieces
  9270 | D:7      | XOM: divination: detect creatures
  9338 | D:8      | Found a white marble altar of Elyvilon.
  9418 | D:8      | Noticed Amaemon
  9418 | D:8      | Noticed an orange demon
  9431 | D:8      | XOM: smoke on damage
  9432 | D:8      | Killed Amaemon
  9433 | D:8      | Reached skill level 5 in Invocations
  9440 | D:8      | Killed an orange demon
  9441 | D:8      | Reached XP level 10. HP: 10/80 MP: 17/17
 10111 | D:8      | Noticed a two-headed ogre
 10120 | D:8      | XOM: divination: detect creatures
 10124 | D:8      | XOM: noise
 10128 | D:8      | Slain by a two-headed ogre

Illustrated notes

Levels and vault maps discovered:
D:1:      mainiacjoe_arrival_reflecting_pool, layout_loops_cross,
          shapermc_ecumenical_altar_notcrosses, grunt_decor_junction
D:2:      layout_rooms, serial_corexii_hall, chequers_hall_statues_wall_a,
          chequers_hall_statues_wall_a, uniq_natasha
D:3:      cheibrodos_thug_alley, layout_basic, mainiacjoe_overflow_catwalk,
          saegor_snake_ambush
D:4:      layout_cave_pods
D:5:      layout_basic, nicolae_uskayaw_en_pointe
D:6:      layout_layer_cave, minmay_shop_damaged, uniq_maggie
D:7:      layout_rooms, nemelex_altar_shiori, minmay_temple_entry_mini_moons
D:8:      layout_loops_ring, mainiacjoe_overflow_paths, uniq_amaemon

Skill      XL: |  1  2  3  4  5  6  7  8  9 |
---------------+----------------------------+-----
Invocations    | 1 2 3 4 5 |  5.3
Short Blades   | 1 2 3 4 |  4.9
Long Blades    | 1 2 3 4 |  4.9
Axes           | 1 2 3 4 |  4.9
Maces & Flails | 1 2 3 4 |  4.9
Staves         | 1 2 3 4 |  4.9
Slings         | 1 2 3 4 |  4.9
Bows           | 1 2 3 4 |  4.9
Crossbows      | 1 2 3 4 |  4.9
Throwing       | 1 2 3 4 |  4.9
Stealth        | 1 2 3 4 |  4.9
Shields        | 1 2 3 4 |  4.9
Unarmed Combat | 1 2 3 4 |  4.9
Spellcasting   | 1 2 3 4 |  4.9
Evocations     | 1 2 3 4 |  4.9
Conjurations   | 1 2 3 4 |  4.0
Hexes          | 1 2 3 4 |  4.0
Summonings     | 1 2 3 4 |  4.0
Necromancy     | 1 2 3 4 |  4.0
Translocations | 1 2 3 4 |  4.0
Transmutations | 1 2 3 4 |  4.0
Fire Magic     | 1 2 3 4 |  4.0
Ice Magic      | 1 2 3 4 |  4.0
Air Magic      | 1 2 3 4 |  4.0
Earth Magic    | 1 2 3 4 |  4.0
Poison Magic   | 1 2 3 4 |  4.0
Dodging        | 3 4 5 |  5.6
Armour         | 5 6 |  6.7
Fighting       | 7 8 |  8.2
Polearms       | 7 8 |  8.2

Action                   |  1- 3 |  4- 6 |  7- 9 | 10-12 || total
-------------------------+-------+-------+-------+-------++-------
Melee: Spear             |    91 |    30 |    12 |       ||   133
       Bite              |     7 |    13 |    18 |       ||    38
       Punch             |     2 |       |       |       ||     2
       Halberd           |       |   206 |   134 |       ||   340
       Hand axe          |       |       |    26 |       ||    26
       Demon whip        |       |       |       |     7 ||     7
 Fire: Shortbow          |       |       |    43 |       ||    43
Evoke: Wand              |       |       |    12 |       ||    12
  Use: Scroll            |     4 |     3 |    12 |     3 ||    22
       Potion            |       |     2 |     4 |     1 ||     7
 Stab: Paralysed         |       |       |     1 |       ||     1
       Confused          |       |       |     1 |       ||     1
Armor: Leather armour    |     4 |       |       |       ||     4
       Chain mail        |    40 |   144 |   169 |     4 ||   357
Dodge: Dodged            |    19 |   105 |    91 |     1 ||   216

Table legend: (Time is in decaauts)
 A = Elapsed time spent in this place.
 B = Non-inter-level travel time spent in this place.
 C = Inter-level travel time spent in this place.
 D = Time resting spent in this place.
 E = Time spent auto-exploring this place.
 F = Levels seen in this place.
 G = Mean time per level.
                   A        B        C        D        E       F      G
               +--------+--------+--------+--------+--------+-----+--------+
         Total |  10181 |   9969 |    212 |   3228 |   4976 |   8 | 1272.6 |
       Dungeon |  10181 |   9969 |    212 |   3228 |   4976 |   8 | 1272.6 |
               +--------+--------+--------+--------+--------+-----+--------+

Top non-repeatable levels by time:
     D:6: 2289 daAuts
     D:7: 1510 daAuts
     D:5: 1435 daAuts
     D:2: 1324 daAuts
     D:3: 992 daAuts
     D:1: 924 daAuts
     D:4: 891 daAuts
     D:8: 812 daAuts
